Match 37621118
Unlisted

Match 37621118
End
Panzergrenadier Squad
Panzergrenadier Squad
Panzergrenadier Squad
Construct Light Support Kompanie
Panzergrenadier Squad
2.5-tonne Medical Truck
Fire Support Elements
Flakvierling Half-track
Pak 38 Anti-tank Gun Team
Pak 38 Anti-tank Gun Team
Selects Armored Support Battlegroup
Selects Veteran Gunners
Selects Flammpanzer III Medium Tank
Flammpanzer III Medium Tank
Panzergrenadier Squad
Flammpanzer III Medium Tank
Panzergrenadier Squad
Panzergrenadier Squad
Panzergrenadier Squad
Mowgli01
MisterRacoon
Shaka92
STALKER4732
ezh
kit.ohume
0
0

Comments sign in to comment!

No comments posted yet!